 Dungeon Crawl Stone Soup version 0.31-a0-365-gcf821cafb2 (webtiles) character file.

Game seed: 11390493735822438122

2 EonArisen the Sneak (level 1, -3/10 HPs)
             Began as a Kobold Enchanter on July 27, 2023.
             Slain by a worm (5 damage)
             ... on level 2 of the Dungeon.
             The game lasted 00:01:51 (225 turns).

EonArisen the Sneak (Kobold Enchanter)               Turns: 225, Time: 00:01:51

Health: -3/10      AC:  2    Str:  5    XL:     1   Next: 44%
Magic:  3/3        EV: 15    Int: 16    God:
Gold:   51         SH:  0    Dex: 15    Spells: 4/4 levels left

rFire   . . .        a - +1 dagger
rCold   . . .        (no shield)
rNeg    . . .        b - +0 robe
rPois   .            (no helmet)
rElec   .            (no cloak)
rCorr   .            (no gloves)
SInv    .            (no boots)
Will    .....        (no amulet)
Stlth   ++++         (no ring)
HPRegen 0.21/turn    (no ring)
MPRegen 0.08/turn

%: no passive effects
@: no status effects
A: small, no large weapons, nightstalker 3
a: no special abilities


You were on level 2 of the Dungeon.
You visited 1 branch of the dungeon, and saw 2 of its levels.

You collected 51 gold pieces.

Inventory:

Hand Weapons
 a - a +1 dagger (weapon)
 d - a +0 whip
 g - a +0 short sword
Missiles
 h - 6 stones (quivered)
 i - 2 boomerangs
Armour
 b - a +0 robe (worn)
Scrolls
 e - a scroll of poison {unknown}
 f - a scroll of identify {unknown}
Potions
 c - 2 potions of invisibility


   Skills:
 + Level 1.3 Short Blades
 + Level 2.5 Dodging
 + Level 4.0 Stealth
 + Level 2.3 Spellcasting
 + Level 3.0 Hexes


You had 4 spell levels left.
You didn't know any spells.
Your spell library contained the following spells:

 Spells                   Type           Power      Damage    Failure   Level
 Ensorcelled Hibernation  Hex/Ice        12%        N/A       16%         2
 Confusing Touch          Hex            11%        N/A       17%         3
 Tukima's Dance           Hex            11%        N/A       17%         3
 Dazzling Flash           Conj/Hex       12%        N/A       32%         3


Dungeon Overview and Level Annotations

Branches:
Dungeon (2/15)

Altars:

Shops:
D:2 ?


Innate Abilities, Weirdness & Mutations

You are small and have problems with some larger weapons.
You are completely attuned to the shadows.


Message History

g - a +0 short sword
Found 6 stones.
You see here 6 stones.
h - 6 stones
Found 2 boomerangs.
Found a stone staircase leading down.
You see here 2 boomerangs.
Unknown command.
A bat comes into view.
You see here 2 boomerangs.
i - 2 boomerangs
There is a stone staircase leading down here.
The helpless bat fails to defend itself.
You impale the bat!!
You kill the bat!
Unknown command.
You climb downwards.
There is a stone staircase leading up here.
You open the door.
A frilled lizard comes into view.
Found Muxtioz's Magic Scroll Shoppe.
The frilled lizard hisses angrily.
There is an open door here.
A worm comes into view.
The frilled lizard barely misses you.
You hit the frilled lizard.
You kill the frilled lizard!
You see here a frilled lizard corpse.
The worm bites you!
Ouch! That really hurt!
* * * LOW HITPOINT WARNING * * *
You hit the worm.
The worm is moderately wounded.
You hit the worm but do no damage.
The worm is moderately wounded.
The worm bites you.
* * * LOW HITPOINT WARNING * * *
The worm bites you.
Ouch! That really hurt!
You die...

#
########.#
#........#
#...@w...#
#........##
#.∩.†......
######'#..#
#.#..# #.#
# #.# #<#
#.....


You could see a worm.

Vanquished Creatures
  A goblin (D:1)
  A bat (D:1)
  A frilled lizard (D:2)
3 creatures vanquished.

Notes
Turn   | Place    | Note
-------+----------+-------------------------------------------
     0 | D:1      | EonArisen the Kobold Enchanter began the quest for the Orb.
     0 | D:1      | Reached XP level 1. HP: 10/10 MP: 3/3
   213 | D:2      | Found Muxtioz's Magic Scroll Shoppe.
   225 | D:2      | Slain by a worm

Illustrated notes

Levels and vault maps discovered:
D:1:      lemuel_arrival_funnel, layout_basic, serial_shops, shop,
          minmay_strange_pillars, nicolae_twisty_statue_hallways
D:2:      layout_basic, serial_shops, nicolae_shop_trees,
          nicolae_shop_behind_doors, shop, shop, shop,
          hellmonk_ecumenical_altar_lost_god, basic_altar, feat_on_display

Action                     || total
---------------------------++-------
  Melee: Dagger            ||     6
   Stab: Sleeping          ||     1
  Dodge: Dodged            ||     2

Table legend: (Time is in decaauts)
 A = Elapsed time spent in this place.
 B = Non-inter-level travel time spent in this place.
 C = Inter-level travel time spent in this place.
 D = Time resting spent in this place.
 E = Time spent auto-exploring this place.
 F = Levels seen in this place.
 G = Mean time per level.
                   A        B        C        D        E       F      G
               +--------+--------+--------+--------+--------+-----+--------+
         Total |    224 |    224 |      0 |      0 |      0 |   2 |  112.0 |
       Dungeon |    224 |    224 |      0 |      0 |      0 |   2 |  112.0 |
               +--------+--------+--------+--------+--------+-----+--------+

Top non-repeatable levels by time:
     D:1: 207 daAuts
     D:2: 16 daAuts
